 Dungeon Crawl Stone Soup version 0.30.1-1-g62c8e00024 (webtiles) character file.

Game seed: 3343672688407069393

41181 monsoonserge the Black Belt (level 13, -14/93 HPs)
             Began as a Demonspawn Warper on July 16, 2023.
             Was an Initiate of Gozag.
             Demolished by a demonic crawler (16 damage)
             ... on level 3 of the Lair of Beasts.
             The game lasted 01:16:13 (23991 turns).

monsoonserge the Black Belt (Demonspawn Warper)    Turns: 23991, Time: 01:16:14

Health: -14/93     AC:  6    Str: 18    XL:     13   Next: 78%
Magic:  0/16       EV: 15    Int: 16    God:    Gozag
Gold:   3575       SH: 12    Dex: 20    Spells: 14/16 levels left

rFire   + .          .
                       - Unarmed
rCold   + . .        O - +0 kite shield
rNeg    + . .        I - +3 leather armour of the Bulwark {rElec rC+}
rPois   +            (helmet restricted)
rElec   +            g - scarf {harm}
rCorr   .            (gloves unavailable)
SInv    .            (no boots)
Will    .....        (no amulet)
Stlth   ++           z - ring "Bovozaot" {rElec rPois Will- Dex+6}
HPRegen 0.35/turn    m - ring "Hucir" {rF+ rN+ Will+ Str+4}
MPRegen 0.30/turn

%: harm (+30% outgoing, +20% incoming), guardian spirit
@: no status effects
A: antennae 1, claws 3, hooves 1, foul stench 3, magic shield, magic
regeneration
a: Renounce Religion, Potion Petition, Call Merchant, Bribe Branch


You were on level 3 of the Lair of Beasts.
You worshipped Gozag.
Gozag was most pleased with you.
You visited 5 branches of the dungeon, and saw 20 of its levels.
You also visited: Sewer and Ossuary.

You collected 5166 gold pieces.
You spent 1118 gold pieces at shops.
You paid 473 gold pieces to Gozag.

Inventory:

Hand Weapons
 n - a +0 longbow
 L - a +0 arbalest
Missiles
 d - 12 boomerangs of dispersal
 t - 2 curare-tipped darts
 H - 36 poisoned darts (quivered)
 N - 4 throwing nets
 S - 9 silver boomerangs
 V - 6 javelins
Armour
 g - a scarf of harm (worn)
 w - the +3 hat of Pondering {ponderous, Will+ MP+10 Int+5}
   (You took it off Gastronok on level 3 of the Lair of Beasts)

   Int:       It affects your intelligence (+5).
   MP:        It affects your magic capacity (+10).
   Will:      It increases your willpower.
 A - a scarf of invisibility
 I - the +3 leather armour of the Bulwark (worn) {rElec rC+}
   (You found it on level 11 of the Dungeon)

   rC:        It protects you from cold.
   rElec:     It insulates you from electricity.
 O - a +0 kite shield (worn)
Magical Staves
 Q - a staff of cold
 R - a staff of conjuration
 Z - a staff of death
Jewellery
 b - a ring of protection from cold
 m - the ring "Hucir" (right claw) {rF+ rN+ Will+ Str+4}
   (You acquired it on level 3 of the Dungeon)

   [ring of protection from fire]

   Str:       It affects your strength (+4).
   rF:        It protects you from fire.
   rN:        It protects you from negative energy.
   Will:      It increases your willpower.
 r - the ring "Botzius" {rN+ Int+6 Dex-2}
   (You found it on level 3 of the Dungeon)

   [ring of positive energy]

   Int:       It affects your intelligence (+6).
   Dex:       It affects your dexterity (-2).
   rN:        It protects you from negative energy.
 u - a ring of resist corrosion
 z - the ring "Bovozaot" (left claw) {rElec rPois Will- Dex+6}
   (You found it on level 5 of the Dungeon)

   [ring of dexterity]

   Dex:       It affects your dexterity (+6).
   rElec:     It insulates you from electricity.
   rPois:     It protects you from poison.
   Will:      It decreases your willpower.
Wands
 G - a wand of light (2)
 M - a wand of polymorph (7)
 P - a wand of flame (48)
 W - a wand of iceblast (3)
Scrolls
 c - 8 scrolls of blinking
 e - a scroll of magic mapping
 f - 6 scrolls of fear
 h - a scroll of silence
 i - 4 scrolls of torment
 j - 4 scrolls of amnesia
 o - 4 scrolls of fog
 y - 3 scrolls of vulnerability
 B - 4 scrolls of enchant weapon
 C - 4 scrolls of teleportation
 J - 3 scrolls of poison
 U - 2 scrolls of identify
 X - 4 scrolls of enchant armour
 Y - a scroll of immolation
Potions
 a - 5 potions of lignification
 k - 8 potions of curing
 l - 4 potions of berserk rage
 p - a potion of invisibility
 q - a potion of resistance
 s - 3 potions of might
 v - 4 potions of attraction
 x - a potion of flight
 D - 3 potions of ambrosia
 E - 7 potions of mutation
 F - 5 potions of magic
 K - 3 potions of haste
 T - a potion of cancellation


   Skills:
 + Level 6.1 Fighting
 - Level 1.7(2.1) Axes
 - Level 1.4(2.0) Maces & Flails
 + Level 3.2 Throwing
 + Level 6.2 Armour
 + Level 6.8 Dodging
 * Level 8.2 Shields
 * Level 17.0 Unarmed Combat
 - Level 2.0 Spellcasting
 + Level 3.2 Translocations
 - Level 0.1 Ice Magic
 * Level 1.1 Evocations


You had 14 spell levels left.
You knew the following spells:

 Your Spells              Type           Power      Damage    Failure   Level
a - Blink                 Tloc           24%        N/A       21%         2

Your spell library contained the following spells:

 Spells                   Type           Power      Damage    Failure   Level
 Lesser Beckoning         Tloc           24%        N/A       21%         2
 Teleport Other           Tloc           12%        N/A       38%         3
 Freeze                   Ice            8%         1d3       45%         1
 Sandblast                Erth           2%         2d4       45%         1
 Shock                    Conj/Air       4%         1d3       45%         1
 Cigotuvi's Dreadful Rot  Necr/Pois/Air  2%         N/A       61%         2
 Ensorcelled Hibernation  Hex/Ice        2%         N/A       61%         2
 Passwall                 Tmut/Erth      0%         N/A       61%         2
 Poisonous Vapours        Pois/Air       2%         N/A       61%         2
 Vhi's Electric Charge    Tloc/Air       12%        N/A       63%         3
 Manifold Assault         Tloc           12%        N/A       80%         4
 Frozen Ramparts          Ice            4%         1d1       83%         3
 Hailstorm                Conj/Ice       1%         3d3       83%         3
 Spider Form              Tmut/Pois      1%         N/A       83%         3
 Stone Arrow              Conj/Erth      2%         3d7       83%         3
 Swiftness                Air            1%         N/A       83%         3
 Airstrike                Air            0%         2d(1-17)  99%         4
 Anguish                  Hex/Necr       0%         N/A       99%         4
 Dispel Undead            Necr           1%         3d6       99%         4
 Ice Form                 Ice/Tmut       1%         N/A       99%         4
 Alistair's Intoxication  Tmut/Pois      0%         N/A       100%        5
 Death Channel            Necr           0%         N/A       100%        6
 Borgnjor's Revivificati  Necr           0%         N/A       100%        8
 Necromutation            Tmut/Necr      0%         N/A       100%        8
 Death's Door             Necr           0%         N/A       100%        9
 Simulacrum               Ice/Necr       Unusable   N/A       N/A         6

Dungeon Overview and Level Annotations

Branches:
Dungeon (13/15)            Temple (1/1) D:4            Lair (4/5) D:10
 Shoals (0/4) Lair:2       Spider (1/4) Lair:3          Orc (1/2) D:12
  Sewer (visited)         Ossuary (visited)
  Slime: Lair:4-5    Vaults: D:13-14

Altars:
Ashenzari
Cheibriados
Dithmenos
Fedhas
Gozag
Hepliaklqana
Kikubaaqudgha
Makhleb
Nemelex Xobeh
Okawaru
Qazlal
Ru
Sif Muna
Trog
Uskayaw
Vehumet
Wu Jian
Xom
Yredelemnul

Shops:
D:2 :   D:3 ?[   D:4 *   D:10 *

Annotations:
Lair:1 exclusion: oklob plant
Orc:1 Harold


Innate Abilities, Weirdness & Mutations

You have a pair of small antennae on your head.
You have claws for hands.
You have large cloven feet.
You frequently emit foul miasma when damaged in melee.
When hurt, damage is shared between your health and your magic reserves.
You regenerate magic rapidly.


Message History

Press: ? - help, Shift-Dir - straight line, f - demonic crawler
Aim: a demonic crawler (86% to hit)
Okay, then.
Unknown command.
Press: ? - help, v - describe, . - travel
Here: a demonic crawler The floor.
Aiming: Bolt of Light
Press: ? - help, Shift-Dir - straight line, f - demonic crawler
Aim: a demonic crawler (86% to hit)
The bolt of light hits the demonic crawler!
The demonic crawler is lightly wounded.
The demonic crawler is blinded.
The demonic crawler barely misses you. The demonic crawler misses you.
The demonic crawler hits you but does no damage.
You block the demonic crawler's attack. x2; The demonic crawler hits you.
* * * LOW HITPOINT WARNING * * *
You block the demonic crawler's attack. x2
The demonic crawler barely misses you. The demonic crawler hits you.
* * * LOW HITPOINT WARNING * * *
You emit a cloud of foul miasma!
The demonic crawler barely misses you. x2
There is a crawl-hole back to the Lair here.
The demonic crawler hits you.
* * * LOW HITPOINT WARNING * * *
You emit a cloud of foul miasma!
You block the demonic crawler's attack. The demonic crawler hits you.
* * * LOW HITPOINT WARNING * * *
The demonic crawler hits you.
* * * LOW HITPOINT WARNING * * *
The demonic crawler barely misses you. You block the demonic crawler's attack.
You climb upwards.
Welcome back to the Lair of Beasts!
There is a hole to the Spider Nest here.
Okay, then.
You feel better.
The demonic crawler is no longer blind.
The demonic crawler hits you!
* * * LOW HITPOINT WARNING * * *
You emit a cloud of foul miasma!
The demonic crawler hits you!
You die...
Your body crumbles into a pile of gold.

........#....##.....##
........##..####.....#
........#....##.....###
....................#.##
.............~~~.~~~.#.#
............~.~~.~~.~###
............~~.~.~.~~#
........#..#~~~.[.~~~#
.........#.....s@....#
......>.##..~~~...~~~#
.......####.~~.~.~.~~##
......P# ##~.~~.~~.~~#
P....P## #..~~~.~~~.##
.....## #####.....####
.....# ###.....#...#
.##..#######..........##
......#...............#


You could see a demonic crawler.

Vanquished Creatures
  Gastronok (Lair:3)
  Kirke (Lair:3)
  3 emperor scorpions (Spider:1)
  2 boulder beetles (Spider:1)
  3 two-headed ogres
  A fire crab (D:10)
  A skeletal warrior (D:13)
  A skyshark (Lair:4)
  3 wolf spiders (Spider:1)
  A deep elf pyromancer (D:11)
  A manticore (Lair:2)
  2 cyclopes
  4 black mambas
  Joseph (D:7)
  3 gargoyles
  11 cane toads
  4 kobold demonologists
  5 komodo dragons
  2 tengu conjurers (D:13)
  A rime drake (Lair:4)
  3 polar bears
  A wind drake (Lair:2)
  5 trolls
  5 tarantellas (Spider:1)
  11 hornets
  8 blink frogs
  A jumping spider (Spider:1)
  A wraith (D:12)
  2 shadows
  18 yaks
  3 vampires
  3 wyverns
  A yak (shapeshifter) (D:12)
  A steam dragon (D:10)
  4 basilisks
  5 redbacks
  4 hogs
  Menkaure (Ossuary)
  2 acid dragons
  11 water moccasins
  2 orc warriors
  3 ice beasts
  4 black bears
  2 sky beasts (D:5)
  12 wolves
  3 ogres
  7 centaurs
  6 kobold brigands
  7 bullfrogs
  4 gnoll sergeants
  7 scorpions
  8 wights (D:9)
  6 killer bees (D:9)
  2 electric eels (Lair:3)
  3 howler monkeys (D:7)
  A lava snake (D:11)
  2 jellies
  2 hounds
  A gnoll bouda (D:8)
  4 orc priests
  7 iguanas
  4 sleepcaps
  Natasha (thrice) (D:2)
  6 orc wizards
  A statue (D:10)
  3 mummies (Ossuary)
  8 river rats
  8 adders
  17 gnolls
  2 shadow imps (D:5)
  3 worms
  2 dart slugs
  12 orcs
  10 bats
  11 endoplasms
  7 giant cockroaches
  6 goblins
  5 hobgoblins
  40 kobolds
  15 quokkas
  8 ball pythons
  5 frilled lizards
  2 gnoll skeletons (Ossuary)
  2 gnoll zombies (Ossuary)
  4 goblin skeletons (Ossuary)
  4 goblin zombies (Ossuary)
  3 hobgoblin skeletons (Ossuary)
  5 hobgoblin zombies (Ossuary)
  7 kobold skeletons (Ossuary)
  5 kobold zombies (Ossuary)
  3 orc skeletons (Ossuary)
  6 orc zombies (Ossuary)
  25 rats
  6 rat skeletons (Ossuary)
  3 rat zombies (Ossuary)
485 creatures vanquished.

Vanquished Creatures (others)
  A human (Lair:4)
1 creature vanquished.

Grand Total: 486 creatures vanquished

Notes
Turn   | Place    | Note
-------+----------+-------------------------------------------
     0 | D:1      | monsoonserge the Demonspawn Warper began the quest for the
                  | Orb.
     0 | D:1      | Reached XP level 1. HP: 16/16 MP: 3/3
   174 | D:1      | Gained mutation: You regenerate magic rapidly. [demonic
                  | ancestry]
   174 | D:1      | Reached XP level 2. HP: 11/22 MP: 5/5
   243 | D:1      | Reached skill level 1 in Armour
   265 | D:1      | Learned a level 2 spell: Blink
   909 | D:2      | Reached XP level 3. HP: 27/27 MP: 6/6
   913 | D:2      | Found Mukol's Book Shoppe.
   922 | D:2      | Noticed Natasha
   933 | D:2      | Reached skill level 1 in Maces & Flails
   970 | D:2      | Killed Natasha
  1152 | D:2      | Noticed Natasha
  1160 | D:2      | Killed Natasha
  1161 | D:2      | Reached XP level 4. HP: 15/34 MP: 7/7
  1364 | D:2      | Noticed Natasha
  1371 | D:2      | Killed Natasha
  1678 | D:3      | Found Seimi's Antique Armour Boutique.
  1913 | D:3      | Identified the ring "Botzius" {rN+ Int+6 Dex-2}
  1973 | D:3      | Discovered your monstrous ancestry.
  1973 | D:3      | Gained mutation: You have sharp fingernails. [demonic
                  | ancestry]
  1973 | D:3      | Reached XP level 5. HP: 39/39 MP: 8/8
  2030 | D:3      | Found Waese's Magic Scroll Emporium.
  2355 | D:4      | Reached skill level 1 in Unarmed Combat
  2426 | D:4      | Gained mutation: You have very sharp fingernails. [demonic
                  | ancestry]
  2426 | D:4      | Reached XP level 6. HP: 42/47 MP: 9/9
  2435 | D:4      | Found a staircase to the Ecumenical Temple.
  2449 | Temple   | Entered the Ecumenical Temple
  2556 | Temple   | Became a worshipper of Gozag Ym Sagoz the Greedy
  2643 | D:4      | Found a glowing drain.
  2660 | Sewer    | Entered a sewer
  2703 | Sewer    | Noticed a water moccasin
  2718 | Sewer    | Killed a water moccasin
  3067 | D:3      | Bought a pair of glowing boots for 187 gold pieces
  3503 | D:4      | Found Eduatt's Elemental Accessories.
  3566 | D:4      | Found a hazy altar of Hepliaklqana.
  3667 | D:5      | Entered Level 5 of the Dungeon
  3812 | D:5      | Reached skill level 2 in Unarmed Combat
  3915 | D:5      | Identified the +2 leather armour "Telueg" {Harm rElec
                  | Int-2}
  3916 | D:5      | You fall into a shaft and drop 1 floor!
  3916 | D:6      | Found a sand-covered staircase.
  3930 | Ossuary  | Entered an ossuary
  3981 | Ossuary  | Gained mutation: You may rarely emit foul miasma when
                  | damaged in melee. [demonic ancestry]
  3981 | Ossuary  | Reached XP level 7. HP: 53/53 MP: 10/10
  4608 | Ossuary  | Reached skill level 1 in Throwing
  4804 | Ossuary  | Noticed Menkaure
  4815 | Ossuary  | Killed Menkaure
  4816 | Ossuary  | Reached skill level 3 in Unarmed Combat
  5310 | D:5      | Reached skill level 4 in Unarmed Combat
  5525 | D:3      | Bought a scroll of acquirement for 728 gold pieces
  5528 | D:3      | Acquired the ring "Hucir" {rF+ rN+ Will+ Str+4}
  5531 | D:3      | Acquired 706 gold pieces
  5534 | D:3      | Bought a scroll of blinking for 105 gold pieces
  5534 | D:3      | Bought a scroll of fear for 56 gold pieces
  5534 | D:3      | Bought a scroll of teleportation for 42 gold pieces
  5908 | D:5      | Gained mutation: You sometimes emit foul miasma when
                  | damaged in melee. [demonic ancestry]
  5908 | D:5      | Reached XP level 8. HP: 54/60 MP: 11/11
  5908 | D:5      | Identified the ring "Bovozaot" {rElec rPois Will- Dex+6}
  5912 | D:5      | Reached skill level 5 in Unarmed Combat
  6304 | D:5      | Reached skill level 6 in Unarmed Combat
  6624 | D:6      | Found a stormy altar of Qazlal.
  6965 | D:6      | Reached skill level 7 in Unarmed Combat
  7192 | D:6      | Found a shimmering blue altar of Sif Muna.
  7631 | D:7      | Gained mutation: You have a pair of small antennae on your
                  | head. [demonic ancestry]
  7631 | D:7      | Reached XP level 9. HP: 46/66 MP: 12/12
  7732 | D:7      | Reached skill level 8 in Unarmed Combat
  7737 | D:7      | HP: 3/66 [poisoned by a hornet]
  8335 | D:7      | Noticed Joseph
  8350 | D:7      | Killed Joseph
  8351 | D:7      | Reached skill level 9 in Unarmed Combat
  9194 | D:8      | Reached skill level 5 in Fighting
  9196 | D:8      | Reached skill level 10 in Unarmed Combat
  9534 | D:8      | Gained mutation: When hurt, damage is shared between your
                  | health and your magic reserves. [demonic ancestry]
  9534 | D:8      | Reached XP level 10. HP: 57/74 MP: 13/13
 10516 | D:9      | Reached skill level 1 in Shields
 10867 | D:9      | Reached skill level 5 in Armour
 11003 | D:9      | Found an ornate altar of the Wu Jian Council.
 11060 | D:9      | Reached skill level 11 in Unarmed Combat
 11247 | D:9      | Found a basalt altar of Yredelemnul.
 11305 | D:9      | Identified the +0 leather armour "Ocotaco" {rC- rN++}
 11504 | D:10     | Entered Level 10 of the Dungeon
 11507 | D:10     | Identified the +7 dagger "Wuwit" {venom, Will+ rCorr Int+2}
 11653 | D:10     | Noticed a two-headed ogre
 11662 | D:10     | Killed a two-headed ogre
 11766 | D:10     | Reached skill level 5 in Dodging
 11920 | D:10     | Found a radiant altar of Vehumet.
 12066 | D:10     | Noticed a two-headed ogre
 12069 | D:10     | Killed a two-headed ogre
 12070 | D:10     | Reached skill level 12 in Unarmed Combat
 12070 | D:10     | Gained mutation: You frequently emit foul miasma when
                  | damaged in melee. [demonic ancestry]
 12070 | D:10     | Reached XP level 11. HP: 50/80 MP: 8/14
 12194 | D:10     | Found a runed translucent door.
 12196 | D:10     | Noticed a fire crab
 12682 | D:10     | Found a staircase to the Lair.
 13622 | D:11     | Noticed a deep elf pyromancer
 13634 | D:11     | Killed a deep elf pyromancer
 14126 | D:11     | Identified the +3 leather armour of the Bulwark {rElec rC+}
 14281 | Lair:1   | Entered Level 1 of the Lair of Beasts
 14723 | Lair:1   | Reached skill level 13 in Unarmed Combat
 14760 | Lair:2   | Found a staircase to the Shoals.
 15158 | Lair:1   | Reached skill level 5 in Shields
 15456 | Lair:1   | Noticed an oklob plant
 16392 | Lair:2   | Gained mutation: You have large cloven feet. [demonic
                  | ancestry]
 16392 | Lair:2   | Reached XP level 12. HP: 86/86 MP: 15/15
 16906 | Lair:2   | Reached skill level 14 in Unarmed Combat
 17518 | Lair:3   | Noticed Kirke
 17890 | Lair:3   | Found a hole to the Spider Nest.
 18065 | Lair:3   | Noticed Gastronok
 18080 | Lair:3   | Killed Gastronok
 18990 | Lair:3   | Killed Kirke
 18991 | Lair:3   | Reached skill level 15 in Unarmed Combat
 19440 | Lair:4   | Got the Tractate on Contaminants
 20364 | Lair:4   | Gained mutation: You have claws for hands. [demonic
                  | ancestry]
 20364 | Lair:4   | Reached XP level 13. HP: 90/93 MP: 16/16
 20402 | Spider:1 | Entered Level 1 of the Spider Nest
 21388 | D:12     | Found a staircase to the Orcish Mines.
 21479 | D:12     | Reached skill level 16 in Unarmed Combat
 22795 | Orc:1    | Entered Level 1 of the Orcish Mines
 22795 | Orc:1    | Noticed Harold
 23186 | Spider:1 | Noticed an emperor scorpion
 23196 | Spider:1 | Killed an emperor scorpion
 23440 | Spider:1 | Noticed an emperor scorpion
 23449 | Spider:1 | Killed an emperor scorpion
 23626 | Spider:1 | Noticed an emperor scorpion
 23637 | Spider:1 | Killed an emperor scorpion
 23888 | Spider:1 | Reached skill level 17 in Unarmed Combat
 23900 | Spider:1 | Reached skill level 1 in Evocations
 23933 | Spider:1 | HP: 4/93 [poisoned by a wolf spider]
 23991 | Lair:3   | HP: 2/93 [demonic crawler (12)]
 23991 | Lair:3   | Demolished by a demonic crawler

Illustrated notes

Levels and vault maps discovered:
D:1:      kennysheep_arrival_forest, layout_basic
D:2:      layout_loops_cross, serial_shops,
          nicolae_shop_competitors_out_of_business, uniq_natasha
D:3:      layout_basic, serial_shops, nicolae_shop_rolled_up,
          nicolae_square_shop
D:4:      layout_basic, gammafunk_temple_overflow_wave,
          minmay_temple_entry_butterflies, serial_glass, glass_columns_c,
          glass_columns_c, gup_sewer_entry_bubbles, nicolae_elemental_shop,
          nrook_uturn
D:5:      lemuel_ratsnest, layout_loops_ring, minmay_checkerbox
D:6:      layout_cave_pods, nicolae_qazlal_general_emergency,
          kennysheep_orc_sif_temple, enter_ossuary_3
D:7:      layout_basic, st_stairs_2, roderic_lattice_a, kennysheep_dice,
          uniq_joseph
D:8:      layout_loops_ring, grunt_ministairs_15
D:9:      layout_loops_cross, mainiacjoe_overflow_concentric_impassable,
          general_overflow_altar, mainiacjoe_overflow_brackets
D:10:     gammafunk_mikee_crab_dinner, layout_loops_ring, vehumet_statue,
          erik_lair_dragon, lightli_corner_chamber
D:11:     layout_big_octagon
D:12:     layout_long_grid, orc_0_dummy, minmay_misc_feat_pillars
D:13:     layout_rooms, uniq_maurice
Temple:   eino_narrow_crystal_temple
Lair:1:   layout_regular_city, serial_rivers, chequers_serial_rivers_marsh,
          chequers_serial_rivers_micro_b, chequers_serial_rivers_micro_a,
          chequers_serial_rivers_marsh, st_stairs_7, lemuel_oklob_altar
Lair:2:   layout_gridlike, minmay_shoals_entry_beasts, wad_woods_06,
          infiniplex_staircase_pool_2
Lair:3:   layout_gridlike, spider_nest_entry_a, chequers_serial_rivers_micro_a,
          st_stairs_5, grunt_forest_large_clearings, serial_bayou_shore_a,
          uniq_gastronok, uniq_kirke
Lair:4:   layout_regular_city, grunt_megastairs_4, serial_bayou_shore_b,
          lemuel_fruit_tree
Spider:1: spiders_nest_scorpion_pit
Orc:1:    layout_caves, uniq_harold

Skill      XL: |  1  2  3  4  5  6  7  8  9 10 11 12 13 |
---------------+----------------------------------------+-----
Translocations | 3 |  3.2
Armour         | 1 2 3 4 5 6 |  6.2
Dodging        | 2 3 4 5 6 |  6.8
Maces & Flails | 1 |  1.4
Fighting       | 3 4 5 6 |  6.1
Unarmed Combat | 1 2 4 7 10 12 13 15 17 | 17.0
Throwing       | 1 2 3 |  3.2
Shields        | 3 5 7 8 |  8.2
Evocations     | 1 |  1.1
Axes           | |  1.7
Spellcasting   | |  2.0
Ice Magic      | |  0.1

Action                     |  1- 3 |  4- 6 |  7- 9 | 10-12 | 13-15 || total
---------------------------+-------+-------+-------+-------+-------++-------
  Melee: Whip              |    76 |   223 |       |       |       ||   299
         Punch             |     2 |     2 |    17 |       |       ||    21
         Unarmed           |       |    26 |   459 |   580 |   186 ||  1251
         Kick              |       |       |       |    75 |    69 ||   144
  Throw: Boomerang         |       |    12 |     7 |    13 |       ||    32
         Dart              |       |       |     6 |    25 |    11 ||    42
 Invoke: Call Merchant     |       |       |       |       |     1 ||     1
  Evoke: Wand              |       |       |       |     1 |     2 ||     3
    Use: Scroll            |       |       |     2 |    24 |     1 ||    27
         Potion            |       |       |     1 |     1 |     2 ||     4
   Stab: Distracted        |       |       |     2 |     5 |     1 ||     8
         Sleeping          |       |       |       |     2 |     1 ||     3
         Invisible         |       |       |       |     1 |     1 ||     2
 Armour: Leather armour    |    23 |    78 |    91 |    79 |    18 ||   289
         Ring mail         |       |       |    16 |       |       ||    16
  Dodge: Dodged            |    35 |   136 |   232 |   229 |    98 ||   730
  Block: Kite shield       |       |       |     4 |   260 |   102 ||   366
